| TOP OF THE 1ST |
|
St. Louis Cardinals batting - Pitching for Orlando Devil Rays : LHP Jimmy Key
|
|
Pitching: LHP Jimmy Key
|
|
|
Batting: RHB Jay Bell
|
0-0: Ball 1-0: Ball 2-0: Ball 3-0: Called Strike 3-1: Called Strike 3-2: Fly out, F9 (Flyball, 9D, EV 106.3 MPH)
|
|
Batting: RHB John Valentin
|
0-0: Called Strike 0-1: Ball 1-1: Swinging Strike 1-2: Ground out 1-3 (Groundball, P, EV 83.8 MPH)
|
|
Batting: LHB Mo Vaughn
|
0-0: Called Strike 0-1: Ball 1-1: Foul Ball, location: 2F 1-2: Ball 2-2: Ball 3-2: Foul Ball, location: 2F 3-2: Foul Ball, location: 2F 3-2: SOLO HOME RUN (Flyball, 9LD, EV 102.5 MPH), Distance : 379 ft
|
|
Batting: RHB Ivan Calderon
|
0-0: Fly out, F8 (Flyball, 8RM, EV 81.9 MPH)
|
| Top of the 1st over - 1 run, 1 hit, 0 errors, 0 left on base; St. Louis 1 - Orlando 0 |
| BOTTOM OF THE 1ST |
|
Orlando Devil Rays batting - Pitching for St. Louis Cardinals : RHP Rene Arocha
|
|
Pitching: RHP Rene Arocha
|
|
|
Batting: RHB Craig Biggio
|
0-0: Hit by Pitch
|
|
Pinch Runner at 1st Ron Jones:
|
|
|
Batting: RHB Ron Gant
|
0-0: Foul Ball, location: 2F 0-1: Called Strike 0-2: Strikes out looking
|
|
Batting: RHB Jeff Bagwell
|
0-0: Called Strike 0-1: Ball 1-1: Fly out, F9 (Flyball, 89M, EV 98.8 MPH)
|
|
Batting: RHB Brian Jordan
|
0-0: Called Strike 0-1: Ball 1-1: Fly out, F9 (Flyball, 89M, EV 92.5 MPH)
|
| Bottom of the 1st over - 0 runs, 0 hits, 0 errors, 1 left on base; St. Louis 1 - Orlando 0 |
| TOP OF THE 2ND |
|
St. Louis Cardinals batting - Pitching for Orlando Devil Rays : LHP Jimmy Key
|
|
Now at 2B: Andy Sheets
|
|
|
Batting: LHB Karim Garcia
|
0-0: Called Strike 0-1: Called Strike 0-2: Ball 1-2: Ground out 5-3 (Groundball, 56, EV 81.9 MPH)
|
|
Batting: RHB Dickie Thon
|
0-0: Ball 1-0: Ball 2-0: Called Strike 2-1: SINGLE (Groundball, 6D, EV 105.0 MPH)
|
|
Batting: LHB Steve Finley
|
0-0: Ball 1-0: Ball 2-0: Called Strike 2-1: Ball 3-1: Called Strike 3-2: 2-RUN HOME RUN (Flyball, 9LD, EV 98.1 MPH), Distance : 339 ft
|
|
Batting: RHB Damian Miller
|
0-0: Swinging Strike 0-1: Ball 1-1: Fly out, F8 (Flyball, 8RM, EV 81.3 MPH)
|
|
Batting: SHB Stan Javier
|
0-0: Called Strike 0-1: Fly out, F9 (Flyball, 9, EV 92.5 MPH)
|
| Top of the 2nd over - 2 runs, 2 hits, 0 errors, 0 left on base; St. Louis 3 - Orlando 0 |
| BOTTOM OF THE 2ND |
|
Orlando Devil Rays batting - Pitching for St. Louis Cardinals : RHP Rene Arocha
|
|
Batting: RHB Tim Salmon
|
0-0: Ball 1-0: Swinging Strike 1-1: Foul Ball, location: 2F 1-2: Ball 2-2: Ball 3-2: Fly out, F7 (Flyball, 7LSF, EV 94.4 MPH)
|
|
Batting: LHB Paul O'Neill
|
0-0: Called Strike 0-1: Ground out 1-3 (Groundball, 15S, EV 74.4 MPH)
|
|
Batting: RHB Ivan Rodriguez
|
0-0: Ball 1-0: Foul Ball, location: 2F 1-1: Ball 2-1: Ground out U3 (Groundball, 34, EV 85.6 MPH)
|
| Bottom of the 2nd over - 0 runs, 0 hits, 0 errors, 0 left on base; St. Louis 3 - Orlando 0 |
| TOP OF THE 3RD |
|
St. Louis Cardinals batting - Pitching for Orlando Devil Rays : LHP Jimmy Key
|
|
Batting: RHB Jay Bell
|
0-0: Called Strike 0-1: Foul Ball, location: 2F 0-2: Ball 1-2: Ball 2-2: Ground out 6-3 (Groundball, 6S, EV 83.1 MPH)
|
|
Batting: RHB John Valentin
|
0-0: SOLO HOME RUN (Flyball, 7D, EV 101.9 MPH), Distance : 364 ft
|
|
Batting: LHB Mo Vaughn
|
0-0: Swinging Strike 0-1: Called Strike 0-2: Strikes out looking
|
|
Batting: RHB Ivan Calderon
|
0-0: Swinging Strike 0-1: Ball 1-1: Ball 2-1: SOLO HOME RUN (Flyball, 7D, EV 92.5 MPH), Distance : 372 ft
|
|
Batting: LHB Karim Garcia
|
0-0: Foul Ball, location: 2F 0-1: Called Strike 0-2: Ball 1-2: Reached on error, E4 (Groundball, 34, EV 102.5 MPH)
|
|
Batting: RHB Dickie Thon
|
0-0: Ball 1-0: Fly out, F3 (Popup, 23F, EV 91.3 MPH)
|
| Top of the 3rd over - 2 runs, 2 hits, 1 error, 1 left on base; St. Louis 5 - Orlando 0 |
| BOTTOM OF THE 3RD |
|
Orlando Devil Rays batting - Pitching for St. Louis Cardinals : RHP Rene Arocha
|
|
Batting: SHB Jose Valentin
|
0-0: Ball 1-0: Ground out U3 (Groundball, 34, EV 106.9 MPH)
|
|
Batting: SHB Jose Oquendo
|
0-0: Ground out 6-3 (Groundball, 6, EV 97.5 MPH)
|
|
Batting: RHB Andy Sheets
|
0-0: Ball 1-0: Fly out, F3 (Line Drive, 3, EV 69.4 MPH)
|
| Bottom of the 3rd over - 0 runs, 0 hits, 0 errors, 0 left on base; St. Louis 5 - Orlando 0 |
| TOP OF THE 4TH |
|
St. Louis Cardinals batting - Pitching for Orlando Devil Rays : LHP Jimmy Key
|
|
Batting: LHB Steve Finley
|
0-0: SINGLE (Line Drive, 89S, EV 93.1 MPH)
|
|
Batting: RHB Damian Miller
|
0-0: Called Strike 0-1: Called Strike 0-2: Fly out, F7 (Line Drive, 7, EV 84.4 MPH)
|
|
Batting: SHB Stan Javier
|
0-0: Called Strike 0-1: Called Strike 0-2: DOUBLE (Line Drive, 89D, EV 105.0 MPH) Steve Finley to third Runner from 3rd tries for Home, SAFE, throw by RF to trailing runner, SAFE at third!
|
|
Batting: RHB Jay Bell
|
0-0: Ball 1-0: SINGLE (Line Drive, 8LS, EV 95.0 MPH) Stan Javier scores
|
|
Pitching: LHP Shawn Estes
|
|
|
Batting: RHB John Valentin
|
0-0: Called Strike 0-1: Fly out, F8 (Line Drive, 8RM, EV 101.9 MPH)
|
|
Batting: LHB Mo Vaughn
|
0-0: Ball 1-0: Ball 2-0: Called Strike 2-1: Called Strike 2-2: Ball 3-2: Foul Ball, location: 2F 3-2: Fly out, F7 (Flyball, 78D, EV 102.5 MPH)
|
| Top of the 4th over - 2 runs, 3 hits, 0 errors, 1 left on base; St. Louis 7 - Orlando 0 |
| BOTTOM OF THE 4TH |
|
Orlando Devil Rays batting - Pitching for St. Louis Cardinals : RHP Rene Arocha
|
|
Batting: RHB Ron Gant
|
0-0: Swinging Strike 0-1: Foul Ball, location: 2F 0-2: Ball 1-2: Strikes out swinging
|
|
Batting: RHB Jeff Bagwell
|
0-0: Ball 1-0: Ball 2-0: Called Strike 2-1: Swinging Strike 2-2: Strikes out swinging
|
|
Batting: RHB Brian Jordan
|
0-0: Ball 1-0: SINGLE (Groundball, 6M, EV 103.8 MPH)
|
|
Batting: RHB Tim Salmon
|
0-0: Ball Brian Jordan steals 2nd base (no throw) 1-0: Ball 2-0: Ball 3-0: Base on Balls
|
|
Batting: LHB Paul O'Neill
|
0-0: Ball 1-0: Called Strike 1-1: 3-RUN HOME RUN (Flyball, 7D, EV 100.0 MPH), Distance : 370 ft
|
|
Batting: RHB Ivan Rodriguez
|
0-0: Foul Ball, location: 2F 0-1: Ground out U3 (Groundball, 34, EV 84.4 MPH)
|
| Bottom of the 4th over - 3 runs, 2 hits, 0 errors, 0 left on base; St. Louis 7 - Orlando 3 |
| TOP OF THE 5TH |
|
St. Louis Cardinals batting - Pitching for Orlando Devil Rays : LHP Shawn Estes
|
|
Batting: RHB Ivan Calderon
|
0-0: Called Strike 0-1: Ball 1-1: Reached on error, E4 (Flyball, 3D, EV 85.0 MPH)
|
|
Batting: LHB Karim Garcia
|
0-0: Ball 1-0: Ball 2-0: Ball 3-0: Called Strike 3-1: Foul Ball, location: 2F 3-2: Strikes out swinging
|
|
Batting: RHB Dickie Thon
|
0-0: Ball 1-0: Called Strike 1-1: Foul Ball, location: 2F 1-2: Grounds into double play, 5-4-3 (Groundball, 5, EV 109.4 MPH)
|
| Top of the 5th over - 0 runs, 0 hits, 1 error, 0 left on base; St. Louis 7 - Orlando 3 |
| BOTTOM OF THE 5TH |
|
Orlando Devil Rays batting - Pitching for St. Louis Cardinals : RHP Rene Arocha
|
|
Batting: SHB Jose Valentin
|
0-0: Called Strike 0-1: Ball 1-1: SINGLE (Groundball, 56D, EV 106.3 MPH)
|
|
Batting: SHB Jose Oquendo
|
0-0: Bunt missed! 0-1: Bunted foul 0-2: Grounds into double play, 6-4-3 (Groundball, 6, EV 83.8 MPH)
|
|
Batting: RHB Andy Sheets
|
0-0: SINGLE (Flyball, 9S, EV 87.5 MPH)
|
|
Batting: RHB Ron Gant
|
0-0: Called Strike 0-1: Ball 1-1: Called Strike Andy Sheets is caught stealing 2nd base 2-4
|
| Bottom of the 5th over - 0 runs, 2 hits, 0 errors, 0 left on base; St. Louis 7 - Orlando 3 |
| TOP OF THE 6TH |
|
St. Louis Cardinals batting - Pitching for Orlando Devil Rays : LHP Shawn Estes
|
|
Batting: LHB Steve Finley
|
0-0: Called Strike 0-1: Swinging Strike 0-2: Ball 1-2: Ball 2-2: Ball 3-2: Ground out 4-3 (Groundball, 4M, EV 81.3 MPH)
|
|
Batting: RHB Damian Miller
|
0-0: Ball 1-0: Foul Ball, location: 2F 1-1: Called Strike 1-2: Strikes out looking
|
|
Batting: SHB Stan Javier
|
0-0: Ball 1-0: Ball 2-0: Ball 3-0: Base on Balls
|
|
Batting: RHB Jay Bell
|
0-0: Ball 1-0: Foul Ball, location: 2F 1-1: Ground out 5-3 (Groundball, 56S, EV 81.9 MPH)
|
| Top of the 6th over - 0 runs, 0 hits, 0 errors, 1 left on base; St. Louis 7 - Orlando 3 |
| BOTTOM OF THE 6TH |
|
Orlando Devil Rays batting - Pitching for St. Louis Cardinals : RHP Rene Arocha
|
|
Batting: RHB Ron Gant
|
0-0: Called Strike 0-1: Ball 1-1: Foul Ball, location: 2F 1-2: Foul Ball, location: 2F 1-2: Ball 2-2: Foul Ball, location: 2F 2-2: Foul Ball, location: 2F 2-2: Fly out, F8 (Flyball, 8RD, EV 86.9 MPH)
|
|
Batting: RHB Jeff Bagwell
|
0-0: Ball 1-0: Called Strike 1-1: Ball 2-1: Foul Ball, location: 2F 2-2: Fly out, F9 (Flyball, 9, EV 88.1 MPH)
|
|
Batting: RHB Brian Jordan
|
0-0: Called Strike 0-1: Called Strike 0-2: Foul Ball, location: 2F 0-2: Strikes out swinging
|
| Bottom of the 6th over - 0 runs, 0 hits, 0 errors, 0 left on base; St. Louis 7 - Orlando 3 |
| TOP OF THE 7TH |
|
St. Louis Cardinals batting - Pitching for Orlando Devil Rays : LHP Shawn Estes
|
|
Batting: RHB John Valentin
|
0-0: Swinging Strike 0-1: Foul Ball, location: 2F 0-2: Strikes out looking
|
|
Batting: LHB Mo Vaughn
|
0-0: Foul Ball, location: 2F 0-1: Called Strike 0-2: Foul Ball, location: 2F 0-2: Foul Ball, location: 2F 0-2: Foul Ball, location: 2F 0-2: Ball 1-2: Foul Ball, location: 2F 1-2: Ball 2-2: SOLO HOME RUN (Flyball, 9LD, EV 106.9 MPH), Distance : 338 ft
|
|
Batting: RHB Ivan Calderon
|
0-0: Ball 1-0: Ball 2-0: Called Strike 2-1: Fly out, F4 (Popup, 4M, EV 56.9 MPH)
|
|
Batting: LHB Karim Garcia
|
0-0: Ball 1-0: Swinging Strike 1-1: Foul Ball, location: 2F 1-2: Ball 2-2: Fly out, F8 (Flyball, 8RD, EV 100.0 MPH)
|
| Top of the 7th over - 1 run, 1 hit, 0 errors, 0 left on base; St. Louis 8 - Orlando 3 |
| BOTTOM OF THE 7TH |
|
Orlando Devil Rays batting - Pitching for St. Louis Cardinals : RHP Rene Arocha
|
|
Batting: RHB Tim Salmon
|
0-0: Ball 1-0: Ball 2-0: Called Strike 2-1: Called Strike 2-2: Foul Ball, location: 2F 2-2: Strikes out swinging
|
|
Batting: LHB Paul O'Neill
|
0-0: Fly out, F8 (Line Drive, 8LD, EV 96.9 MPH)
|
|
Batting: RHB Ivan Rodriguez
|
0-0: Ball 1-0: Ball 2-0: Called Strike 2-1: Called Strike 2-2: Ground out 1-3 (Groundball, 34S, EV 91.9 MPH)
|
| Bottom of the 7th over - 0 runs, 0 hits, 0 errors, 0 left on base; St. Louis 8 - Orlando 3 |
| TOP OF THE 8TH |
|
St. Louis Cardinals batting - Pitching for Orlando Devil Rays : LHP Shawn Estes
|
|
Batting: RHB Dickie Thon
|
0-0: Ball 1-0: Foul Ball, location: 2F 1-1: Ball 2-1: Ball 3-1: Called Strike 3-2: Strikes out swinging
|
|
Batting: LHB Steve Finley
|
0-0: Swinging Strike 0-1: Ball 1-1: Foul Ball, location: 2F 1-2: Fly out, F9 (Flyball, 9, EV 94.4 MPH)
|
|
Batting: RHB Damian Miller
|
0-0: Ball 1-0: DOUBLE (Flyball, 8RXD, EV 103.1 MPH)
|
|
Batting: SHB Stan Javier
|
0-0: Called Strike 0-1: Ball 1-1: Foul Ball, location: 2F 1-2: Foul Ball, location: 2F 1-2: Foul Ball, location: 2F 1-2: Ball 2-2: Fly out, F7 (Flyball, 78S, EV 95.0 MPH)
|
| Top of the 8th over - 0 runs, 1 hit, 0 errors, 1 left on base; St. Louis 8 - Orlando 3 |
| BOTTOM OF THE 8TH |
|
Orlando Devil Rays batting - Pitching for St. Louis Cardinals : RHP Rene Arocha
|
|
Pitching: RHP Bryce Florie
|
|
|
Batting: SHB Jose Valentin
|
0-0: Called Strike 0-1: Ball 1-1: Foul Ball, location: 2F 1-2: Foul Ball, location: 2F 1-2: Fly out, F8 (Flyball, 78D, EV 85.0 MPH)
|
|
Batting: SHB Jose Oquendo
|
0-0: Ball 1-0: Called Strike 1-1: DOUBLE (Line Drive, 89D, EV 108.8 MPH)
|
|
Batting: RHB Andy Sheets
|
0-0: Ball 1-0: SINGLE (Groundball, 6MD, EV 101.3 MPH) Jose Oquendo to third Runner from 3rd tries for Home, SAFE, throw by CF to home Andy Sheets to second
|
|
Batting: RHB Ron Gant
|
0-0: Ball 1-0: Ball 2-0: Ball 3-0: Called Strike 3-1: Base on Balls
|
|
Pitching: RHP Steve Chitren
|
|
|
Batting: RHB Jeff Bagwell
|
0-0: Ball 1-0: Called Strike 1-1: Foul Ball, location: 2F 1-2: Ball 2-2: Ball 3-2: Base on Balls Andy Sheets to third Ron Gant to second
|
|
Batting: RHB Brian Jordan
|
0-0: Foul Ball, location: 2F 0-1: Ball 1-1: Ball 2-1: Fly out, F9 (Flyball, 9S, EV 90.0 MPH)
|
|
Batting: RHB Tim Salmon
|
0-0: Ball 1-0: Called Strike 1-1: Foul Ball, location: 2F 1-2: Fielders Choice at 2nd, 5-4 (Groundball, 56, EV 97.5 MPH)
|
| Bottom of the 8th over - 1 run, 2 hits, 0 errors, 3 left on base; St. Louis 8 - Orlando 4 |
| TOP OF THE 9TH |
|
St. Louis Cardinals batting - Pitching for Orlando Devil Rays : LHP Shawn Estes
|
|
Batting: RHB Jay Bell
|
0-0: Swinging Strike 0-1: Called Strike 0-2: Ball 1-2: Ball 2-2: Strikes out swinging
|
|
Batting: RHB John Valentin
|
0-0: Ball 1-0: SINGLE (Line Drive, 34D, EV 96.9 MPH)
|
|
Pitching: RHP Toby Borland
|
|
|
Batting: LHB Mo Vaughn
|
0-0: Called Strike 0-1: Ball 1-1: Ball Wild Pitch! John Valentin to second 2-1: Called Strike 2-2: Strikes out swinging
|
|
Batting: RHB Ivan Calderon
|
0-0: Called Strike 0-1: Ball 1-1: Foul Ball, location: 2F 1-2: Strikes out swinging
|
| Top of the 9th over - 0 runs, 1 hit, 0 errors, 1 left on base; St. Louis 8 - Orlando 4 |
| BOTTOM OF THE 9TH |
|
Orlando Devil Rays batting - Pitching for St. Louis Cardinals : RHP Steve Chitren
|
|
Batting: LHB Paul O'Neill
|
0-0: Swinging Strike 0-1: Called Strike 0-2: Foul Ball, location: 2F 0-2: Foul Ball, location: 2F 0-2: Ball 1-2: Foul Ball, location: 2F 1-2: Strikes out swinging
|
|
Batting: RHB Ivan Rodriguez
|
0-0: Called Strike 0-1: Ball 1-1: Ball 2-1: Foul Ball, location: 2F 2-2: Fly out, F9 (Flyball, 9LSF, EV 86.9 MPH)
|
|
Batting: SHB Jose Valentin
|
0-0: SINGLE (Groundball, 34S, EV 77.5 MPH) (infield hit)
|
|
Batting: SHB Jose Oquendo
|
0-0: Called Strike 0-1: Ball 1-1: Ground out 1-3 (Groundball, P, EV 84.4 MPH)
|
| Bottom of the 9th over - 0 runs, 1 hit, 0 errors, 1 left on base; St. Louis 8 - Orlando 4 |
|